 Dungeon Crawl Stone Soup version 0.29.1 (webtiles) character file.

Game seed: 15479927894540696207

595 smilodon the Ruffian (level 7, -2/67 HPs)
             Began as a Troll Fighter on Sept 14, 2022.
             Slain by Blork the orc
             ... wielding a +0 glaive
              (17 damage)
             ... on level 5 of the Dungeon.
             The game lasted 00:04:36 (2481 turns).

smilodon the Ruffian (Troll Fighter)                Turns: 2481, Time: 00:04:37

Health: -2/67      AC:  4    Str: 27    XL:     7   Next: 17%
Magic:  6/6        EV:  9    Int:  4    God:
Gold:   277        SH:  7    Dex:  9    Spells: 6/6 levels left

rFire   . . .      SeeInvis .     - Unarmed
rCold   . . .      Faith    .   b - +0 kite shield
rNeg    . . .      Spirit   .   a - +0 robe
rPois   .          Reflect  .   (helmet restricted)
rElec   .          Harm     .   (no cloak)
rCorr   .          Rampage  .   (gloves unavailable)
Will    +....                   (boots unavailable)
Stlth   +.........              (no amulet)
HPRegen 1.01/turn               r - ring of willpower
MPRegen 0.10/turn               (no ring)

@: mighty
A: large, unfitting armour, claws 3, regeneration 1, shaggy fur 1, tough skin 1
a: no special abilities


You were on level 5 of the Dungeon.
You visited 1 branch of the dungeon, and saw 5 of its levels.

You collected 277 gold pieces.

Inventory:

Hand Weapons
 f - a +1 dagger of flaming
Missiles
 m - 7 boomerangs (quivered)
 w - 6 poisoned darts
Armour
 a - a +0 robe (worn)
 b - a +0 kite shield (worn)
 h - a +0 helmet
Jewellery
 k - an amulet of faith
 r - a ring of willpower (left claw)
Wands
 u - a wand of digging (4)
Scrolls
 e - a scroll of immolation {unknown}
 g - a scroll of noise
 j - a scroll of fear
 o - a scroll of poison
 p - a scroll of teleportation
Potions
 c - a potion of might
 d - a potion of resistance
 i - a potion of ambrosia
 n - 2 potions of cancellation


   Skills:
 - Level 3.5 Fighting
 - Level 3.5 Dodging
 - Level 4.0 Shields
 + Level 5.7 Unarmed Combat


You had 6 spell levels left.
You didn't know any spells.
Your spell library contained the following spells:

 Spells                   Type           Power      Damage    Failure   Level
 Magic Dart               Conj           0%         1d3       78%         1
 Searing Ray              Conj           0%         2d4       89%         2
 Portal Projectile        Hex/Tloc       0%         N/A       98%         3
 Tukima's Dance           Hex            0%         N/A       98%         3
 Fulminant Prism          Conj/Hex       0%         3d6       100%        4
 Blade Hands              Tmut           0%         N/A       100%        5


Dungeon Overview and Level Annotations

Branches:
Dungeon (5/15)
 Temple: D:4-7

Altars:
Hepliaklqana
Makhleb
Nemelex Xobeh
Qazlal
Sif Muna
Wu Jian
Yredelemnul

Shops:
D:1 (   D:2 =

Annotations:
D:5 Blork the orc, Menkaure


Innate Abilities, Weirdness & Mutations

You are too large for most types of armour.
You have claws for hands.
Your natural rate of healing is unusually fast.
You are covered in fur. (AC +1)
You have tough skin. (AC +1)


Message History

An adder comes into view.
Blork the orc shouts!
The adder hisses angrily.
Menkaure calls on the powers of darkness!
Blork the orc convulses!
The adder convulses!
Your body is wracked with pain!
The adder bites you.
Blork the orc drinks a potion.
Blork the orc's spells are empowered!
You are too injured to fight recklessly!
You are too injured to fight recklessly!
You are too injured to fight recklessly!
You are too injured to fight recklessly!
You feel very mighty all of a sudden.
Menkaure calls on the powers of darkness!
The adder convulses!
Blork the orc convulses!
Your body is wracked with pain!
* * * LOW HITPOINT WARNING * * *
The adder bites you.
* * * LOW HITPOINT WARNING * * *
You are poisoned.
The adder poisons you!
Blork the orc casts a spell.
Blork the orc seems to speed up.
You feel better. The adder bites you.
You barely miss the adder.
The adder is severely wounded.
Blork the orc hits you from afar with a +0 glaive.
You block the adder's attack.
Blork the orc hits you from afar with a +0 glaive.
* * * LOW HITPOINT WARNING * * *
Menkaure hits you.
* * * LOW HITPOINT WARNING * * *
The adder bites you but does no damage.
You claw Menkaure!
Menkaure is moderately damaged.
Blork the orc looks satisfied for a moment.
The adder closely misses you.
Menkaure gestures at you while chanting.
You resist with some effort.
You scratch Menkaure.
Menkaure is moderately damaged.
Blork the orc hits you from afar with a +0 glaive!
You die...

##########
.....oM..#
......S@.#
..######.##
^.......?####.##
########.........
.....###..####[##
# #....<.#
#.#####..#.#.# .#
.........#..###
...
##.....###...#.


You could see Blork the orc (fast, empowered), Menkaure and an adder.

Vanquished Creatures
  A black bear (D:4)
  An ogre (D:5)
  2 phantoms
  A hound (D:4)
  Ijyb (D:4)
  An iguana (D:4)
  8 adders
  2 ufetubi (D:5)
  2 dart slugs
  16 orcs
  12 ball pythons
  6 endoplasms
  2 giant cockroaches
  5 goblins
  5 hobgoblins
  5 jackals
  2 quokkas
  8 bats
  3 frilled lizards (D:1)
  7 kobolds
  7 rats
97 creatures vanquished.

Notes
Turn   | Place    | Note
-------+----------+-------------------------------------------
     0 | D:1      | smilodon the Troll Fighter began the quest for the Orb.
     0 | D:1      | Reached XP level 1. HP: 22/22 MP: 0/0
    39 | D:1      | Found Pucsez's Antique Weapon Emporium.
   147 | D:1      | Reached XP level 2. HP: 29/29 MP: 1/1
   566 | D:2      | Found Ihoatse's Jewellery Boutique.
   607 | D:2      | Reached XP level 3. HP: 16/36 MP: 2/2
   851 | D:2      | Found a faded altar of an unknown god.
   902 | D:2      | Reached XP level 4. HP: 44/44 MP: 3/3
   903 | D:2      | Found an ornate altar of the Wu Jian Council.
  1258 | D:3      | Found a burning altar of Makhleb.
  1283 | D:3      | Found a sparkling altar of Nemelex Xobeh.
  1454 | D:3      | Found a hazy altar of Hepliaklqana.
  1508 | D:3      | Found a basalt altar of Yredelemnul.
  1811 | D:4      | Found a shimmering blue altar of Sif Muna.
  1853 | D:4      | Reached skill level 3 in Unarmed Combat
  1889 | D:4      | Noticed a phantom
  1892 | D:4      | Found a stormy altar of Qazlal.
  1907 | D:4      | Killed a phantom
  1908 | D:4      | Reached XP level 5. HP: 44/53 MP: 4/4
  1986 | D:4      | Noticed a black bear
  1995 | D:4      | Killed a black bear
  1996 | D:4      | Reached XP level 6. HP: 56/61 MP: 5/5
  2175 | D:4      | Noticed Ijyb
  2183 | D:4      | Killed Ijyb
  2184 | D:4      | Reached skill level 4 in Unarmed Combat
  2330 | D:5      | Entered Level 5 of the Dungeon
  2361 | D:5      | Reached skill level 5 in Unarmed Combat
  2373 | D:5      | Reached XP level 7. HP: 30/67 MP: 6/6
  2474 | D:5      | Noticed Menkaure
  2474 | D:5      | Noticed Blork the orc
  2481 | D:5      | Slain by Blork the orc

Illustrated notes

Levels and vault maps discovered:
D:1:      ncdulo_halloftheorcs, layout_rooms, serial_shops,
          nicolae_shop_hallway_plus
D:2:      layout_rooms, nicolae_ecumenical_snake_handling, basic_altar,
          serial_shops, shop
D:3:      layout_loops_ring, overflow_temple_1_default,
          mainiacjoe_overflow_brackets, yredelemnul_altar_generic,
          old_standard_altar, st_stairs_5
D:4:      layout_rooms, mainiacjoe_overflow_six_doors_small,
          kennysheep_little_box, nicolae_figureground_sparkle, uniq_ijyb
D:5:      layout_loops_ring, grunt_temple_overflow_gold_and_silver,
          lemuel_round_altar, small_statue_intersection, uniq_duvessa,
          uniq_menkaure, uniq_blork_the_orc

Skill      XL: |  1  2  3  4  5  6 |
---------------+-------------------+-----
Shields        | 3 4 |  4.0
Fighting       | 3 |  3.5
Dodging        | 3 |  3.5
Unarmed Combat | 3 5 |  5.7

Action                   |  1- 3 |  4- 6 |  7- 9 || total
-------------------------+-------+-------+-------++-------
Melee: Unarmed           |   116 |   164 |    17 ||   297
  Use: Scroll            |       |    11 |       ||    11
       Potion            |       |     1 |     2 ||     3
Armor: Robe              |    52 |    53 |     5 ||   110
Dodge: Dodged            |    57 |    62 |     9 ||   128
Block: Kite shield       |    44 |    54 |     7 ||   105
